 Dungeon Crawl Stone Soup version 0.31-a0-175-g9f7f995f2b (webtiles) character file.

Game seed: 3106796120678923892

229 qw the Shooter (level 6, -8/38 HPs)
             Began as a Gargoyle Hunter on June 16, 2023.
             Killed by divine providence
             ... invoked by an orc priest
              (16 damage)
             ... on level 4 of the Dungeon.
             The game lasted 00:01:00 (2361 turns).

qw the Shooter (Gargoyle Hunter)                    Turns: 2361, Time: 00:01:00

Health: -8/38      AC:  9    Str: 14    XL:     6   Next: 3%
Magic:  6/6        EV: 11    Int: 10    God:
Gold:   799        SH:  5    Dex: 15    Spells: 5/5 levels left

rFire   . . .        Y - +0 shortbow
rCold   . . .        (shield currently unavailable)
rNeg    + + .        f - +0 ring mail
rPois   inf          (no helmet)
rElec   +            (no cloak)
rCorr   .            (no gloves)
SInv    .            (no boots)
Will    .....        g - amulet of reflection
Stlth   +            d - ring of positive energy
HPRegen 0.26/turn    (no ring)
MPRegen 0.10/turn

%: reflection
@: no status effects
A: sickness immunity, AC +4, negative energy resistance 1, electricity
resistance, torment resistance 1, petrification resistance
a: no special abilities


You were on level 4 of the Dungeon.
You visited 1 branch of the dungeon, and saw 4 of its levels.

You collected 799 gold pieces.


Innate Abilities, Weirdness & Mutations

You are immune to sickness and miasma.
Your stone body is resilient. (AC +4)
You are immune to poison.
You resist negative energy. (rN+)
You are resistant to electric shocks. (rElec)
You are resistant to unholy torment.
You are immune to petrification.


   Skills:
 - Level 4.0 Fighting
 + Level 6.0 Ranged Weapons
 - Level 1.5 Armour
 - Level 1.5 Dodging
 - Level 1.1 Stealth


You had 5 spell levels left.
You didn't know any spells.
Your spell library was empty.

Inventory:

Hand Weapons
 Y - a +0 shortbow (weapon)
Armour
 f - a +0 ring mail (worn)
Jewellery
 d - a ring of positive energy (left hand)
 g - an amulet of reflection (around neck)
Scrolls
 b - a scroll of identify
Potions
 a - a potion of cancellation {unknown}
 c - a potion of might {unknown}
 h - a potion of mutation {unknown}

Dungeon Overview and Level Annotations

Branches:
Dungeon (4/15)
 Temple: D:4-7

Altars:
Kikubaaqudgha
Ru
Xom


Message History

Enter note: You open the door. 2 orc priests, an orc wizard and 4 orcs come into view.
The orc shouts!
The orc priest shouts! x2; The orc shouts! x2
An orc comes into view. It is wielding a +0 club.
The orc priest calls down the wrath of Beogh upon you.
Beogh smites you!
Found a pair of boots.
Enter note:
Enter note: You shoot an arrow.
The orc wizard shouts!
The arrow hits the orc priest.
The orc priest is lightly wounded.
You shoot an arrow. The arrow hits the orc!
You kill the orc!
You shoot an arrow. The arrow hits the orc priest.
The orc priest is moderately wounded.
The orc priest hits you but does no damage.
You shoot an arrow. The arrow hits the orc priest.
The orc priest is severely wounded.
The orc priest mumbles some strange prayers to Beogh against you.
Beogh smites you!
The orc priest invokes the aid of Beogh against you.
Pain shoots through your body!
You shoot an arrow. The arrow hits the orc priest.
The orc priest is almost dead.
The orc priest miscasts a cantrip.
You shoot an arrow. The arrow hits the orc.
The orc is heavily wounded.
The orc priest miscasts a cantrip.
You shoot an arrow. The arrow closely misses the orc.
The arrow closely misses the orc wizard.
The arrow hits the orc priest.
The orc priest is moderately wounded.
You shoot an arrow. The arrow hits the orc wizard.
The orc wizard is moderately wounded.
The orc priest invokes the aid of Beogh against you.
Beogh smites you!
You die... +.....[.....+ ...8...8... .#.....#. .8...8. ooo..

ooo#######.#
#o##........
#@#.########
####...#########
#...........%..#####.
#..##..##..##.)).....
#.####....####).##..(
#.## ##..## ##.###.#.
#..## #..# ##..# #.#.
#...###..###...# #.#
#.#..........#.# #.#


You could see 2 orc priests, an orc wizard and 4 orcs.

Vanquished Creatures
  A scorpion (D:4)
  3 gnolls (D:4)
  6 adders
  3 worms
  2 dart slugs
  3 orcs
  5 ball pythons
  2 bat zombies (D:4)
  7 endoplasms
  9 goblins
  5 hobgoblins
  4 jackals (D:2)
  4 kobolds
  2 quokkas
  4 bats
  2 frilled lizards
  5 rats
  A rat zombie (D:4)
68 creatures vanquished.

Notes
Turn   | Place    | Note
-------+----------+-------------------------------------------
     0 | D:1      | qw the Gargoyle Hunter began the quest for the Orb.
     0 | D:1      | Reached XP level 1. HP: 12/12 MP: 1/1
     0 | D:1      | 0 ||| qw: Version: 0.2-a-29-g511e9b1
     0 | D:1      | 0 ||| qw: Game counter: 5811
     0 | D:1      | 0 ||| qw: Always use a shield: true
     0 | D:1      | 0 ||| qw: God list: Okawaru
     0 | D:1      | 0 ||| qw: Allow faded altars: false
     0 | D:1      | 0 ||| qw: Do Orc after D:15 true
     0 | D:1      | 0 ||| qw: Do second Lair branch before Depths: true
     0 | D:1      | 0 ||| qw: Lair rune preference: random
     0 | D:1      | 0 ||| qw: Plans: Normal, Zot:1-4, Slime:5, God:TSO, Crypt,
                  | Tomb, Abyss, Pan, Hells, Win
     0 | D:1      | 0 ||| PLANNING D:1-11
   224 | D:1      | Reached XP level 2. HP: 17/17 MP: 2/2
   627 | D:1      | 627 ||| UPGRADING to +0 ring mail.
   637 | D:1      | 637 ||| DROPPING +0 leather armour.
   638 | D:1      | 638 ||| UPGRADING to amulet of regeneration.
   643 | D:1      | 643 ||| READING scroll labelled IRAZIA LETO.
   646 | D:1      | 646 ||| READING scroll labelled FISESYFIABB.
   649 | D:1      | 649 ||| READING 2 scrolls labelled OGRIEXETW RUTT.
   650 | D:1      | 650 ||| READING scroll labelled BOZXIXAORE.
   651 | D:1      | 651 ||| DROPPING scroll of butterflies.
   652 | D:1      | 652 ||| DROPPING scroll of blinking.
   747 | D:2      | Reached skill level 1 in Armour
   747 | D:2      | Reached XP level 3. HP: 18/21 MP: 3/3
   832 | D:2      | Reached skill level 5 in Ranged Weapons
  1053 | D:2      | Reached XP level 4. HP: 25/27 MP: 4/4
  1056 | D:2      | Reached skill level 3 in Fighting
  1153 | D:2      | 1153 ||| UPGRADING to amulet of reflection.
  1163 | D:2      | 1163 ||| DROPPING amulet of regeneration.
  1164 | D:2      | 1164 ||| UPGRADING to ring of positive energy.
  1165 | D:2      | 1165 ||| READING scroll labelled FINUNO CIMEU.
  1166 | D:2      | 1166 ||| READING scroll labelled ATECOCR UHEMM.
  1166 | D:2      | Identified a scroll of acquirement
  1166 | D:2      | 1166 ||| ACQUIRING 658 gold pieces
  1166 | D:2      | Acquired 658 gold pieces
  1469 | D:3      | 1469 ||| FLEEEEING.
  1470 | D:3      | 1470 ||| FLEEEEING.
  1472 | D:3      | 1472 ||| FLEEEEING.
  1473 | D:3      | 1473 ||| FLEEEEING.
  1474 | D:3      | 1474 ||| FLEEEEING.
  1475 | D:3      | 1475 ||| FLEEEEING.
  1476 | D:3      | 1476 ||| FLEEEEING.
  1477 | D:3      | 1477 ||| FLEEEEING.
  1478 | D:3      | 1478 ||| FLEEEEING.
  1479 | D:3      | 1479 ||| FLEEEEING.
  1480 | D:3      | 1480 ||| FLEEEEING.
  1481 | D:3      | 1481 ||| FLEEEEING.
  1482 | D:3      | 1482 ||| FLEEEEING.
  1969 | D:3      | Found a shimmering altar of Xom.
  2038 | D:3      | Found a sacrificial altar of Ru.
  2044 | D:3      | 2044 ||| READING scroll labelled CYUCRU VAOSAA.
  2045 | D:3      | 2045 ||| READING scroll labelled HECLEO FAUTS.
  2160 | D:4      | Reached XP level 5. HP: 32/32 MP: 5/5
  2163 | D:4      | Found an ancient bone altar of Kikubaaqudgha.
  2284 | D:4      | Reached skill level 6 in Ranged Weapons
  2299 | D:4      | Reached XP level 6. HP: 38/38 MP: 6/6
  2357 | D:4      | HP: 7/38 [orc priest/nerve-wracking pain (3)]
  2361 | D:4      | Killed from afar by an orc priest

Levels and vault maps discovered:
D:1:      tarquinn_simple_flora_water_e, layout_basic, hex_large,
          minmay_misc_feat_diagonals
D:2:      layout_rooms
D:3:      layout_basic, marbit_many_paths, mainiacjoe_overflow_alcove_2
D:4:      lemuel_castle_with_subvaults [lemuel_castle_interior_original],
          layout_loops_ring, lemuel_zombie_altar_kikubaaqudgha,
          serial_bayou_pond_c, palyth_stone_intersect, dk_noncrumbling_3

Skill      XL: |  1  2  3  4  5 |
---------------+----------------+-----
Armour         | 1 |  1.5
Ranged Weapons | 5 6 |  6.0
Fighting       | 3 4 |  4.0
Dodging        | |  1.5
Stealth        | |  1.1

Action                     |  1- 3 |  4- 6 || total
---------------------------+-------+-------++-------
   Fire: Shortbow          |   100 |   128 ||   228
    Use: Scroll            |     4 |     4 ||     8
 Armour: Ring mail         |    16 |    25 ||    41
         Leather armour    |     2 |       ||     2
  Dodge: Dodged            |    47 |    28 ||    75
  Block: Other             |       |    14 ||    14

Table legend:
 A = Non-vault XP
 B = Vault XP
 C = Vault XP percentage of total XP
 D = Non-vault monster count
 E = Vault monster count
 F = Vault count percentage of total count
                 A         B        C        D         E       F
            +---------+---------+-------+---------+---------+-------
      Total |     321 |       7 |   2.1 |      64 |       4 |   5.9
            +---------+---------+-------+---------+---------+-------
        D:1 |      20 |       0 |   0.0 |      12 |       0 |   0.0
        D:2 |      82 |       0 |   0.0 |      21 |       0 |   0.0
        D:3 |      43 |       2 |   4.4 |      18 |       1 |   5.3
        D:4 |     176 |       5 |   2.8 |      13 |       3 |  18.8
            +---------+---------+-------+---------+---------+-------
